 Dungeon Crawl Stone Soup version 0.28-b1-25-g9875b3fc8c (webtiles) character file.

Game seed: 17685293040053301957

3307 Fingolfin the Fighter (level 9, -2/81 HPs)
             Began as a Black Draconian Conjurer on Feb 2, 2022.
             Was an Elder of Okawaru.
             Slain by a two-headed ogre (10 damage)
             ... on level 7 of the Dungeon.
             The game lasted 00:28:37 (8106 turns).

Fingolfin the Fighter (Black Draconian Conjurer)    Turns: 8106, Time: 00:28:38

Health: -2/81      AC:  8    Str: 13    XL:     9   Next: 70%
Magic:  3/15       EV: 14    Int: 18    God:    Okawaru [****..]
Gold:   397        SH:  0    Dex: 11    Spells: 8/16 levels left

rFire   + . .      SeeInvis +   i - +0 quarterstaff
rCold   . . .      Faith    .   (shield currently unavailable)
rNeg    . . .      Spirit   .   (armour unavailable)
rPois   .          Reflect  .   (helmet restricted)
rElec   +          Harm     .   d - +0 cloak
rCorr   .          Rampage  .   (no gloves)
Will    .....                   (no boots)
Stlth   ++........              (no amulet)
HPRegen 0.23/turn               j - ring of see invisible
MPRegen 0.14/turn               u - ring of protection from fire

@: short of breath, finesse-ful
A: breathe lightning, AC +7, unfitting armour, electricity resistance,
cold-blooded
a: Breathe Lightning, Renounce Religion, Heroism, Finesse


You were on level 7 of the Dungeon.
You worshipped Okawaru.
Okawaru was greatly pleased with you.
You visited 2 branches of the dungeon, and saw 8 of its levels.

You collected 397 gold pieces.

Inventory:

Hand Weapons
 a - a +0 short sword
 i - a +0 quarterstaff (weapon)
Missiles
 k - 118 sling bullets
 l - 7 poisoned darts (quivered)
 m - 94 stones
 n - 55 bolts
 o - 21 arrows
 E - 6 javelins
 I - 3 atropa-tipped darts
Armour
 d - a +0 cloak (worn)
Jewellery
 j - a ring of see invisible (left hand)
 u - a ring of protection from fire (right hand)
Wands
 K - a wand of mindburst (6)
Scrolls
 b - 2 scrolls of fear {unknown}
 e - 3 scrolls of teleportation {unknown}
 f - a scroll of identify {unknown}
 t - a scroll of holy word {unknown}
 v - 2 scrolls of fog {unknown}
 w - 2 scrolls of blinking {unknown}
 x - a scroll of enchant armour {unknown}
 y - a scroll of magic mapping {unknown}
 z - a scroll of immolation {unknown}
 A - a scroll of noise {unknown}
 J - a scroll of summoning {unknown}
Potions
 c - 3 potions of brilliance
 g - a potion of attraction {unknown}
 h - a potion of experience {unknown}
 p - 6 potions of degeneration {unknown}
 r - a potion of heal wounds {unknown}
 s - 2 potions of might {unknown}
 B - a potion of haste {unknown}
 C - a potion of cancellation
 D - a potion of resistance {unknown}
 F - a potion of berserk rage {unknown}
 G - a potion of flight {unknown}
 H - a potion of lignification {unknown}


   Skills:
 - Level 8.0 Fighting
 - Level 4.0 Staves
 + Level 2.5 Throwing
 - Level 6.0 Dodging
 - Level 1.8 Stealth
 - Level 4.0 Spellcasting
 - Level 6.0 Conjurations
 - Level 2.0 Hexes
 - Level 4.0 Air Magic
 - Level 4.0 Invocations
 + Level 0.1 Evocations


You had 8 spell levels left.
You knew the following spells:

 Your Spells              Type           Power      Damage    Failure   Level
a - Magic Dart            Conj           100%       1d8       1%          1
b - Searing Ray           Conj           50%        2d6       1%          2
c - Dazzling Flash        Conj/Hex       36%        N/A       9%          3
d - Static Discharge      Conj/Air       21%        N/A       2%          2

Your spell library contained the following spells:

 Spells                   Type           Power      Damage    Failure   Level
 Poisonous Vapours        Pois/Air       20%        N/A       10%         2
 Sting                    Tmut/Pois      12%        1d3       14%         1
 Portal Projectile        Hex/Tloc       14%        N/A       28%         3
 Fulminant Prism          Conj/Hex       9%         3d7       28%         4
 Iskenderun's Mystic Bla  Conj/Tloc      14%        2d5       38%         4
 Sticky Flame             Conj/Fire      14%        2d4       38%         4
 Ozocubu's Armour         Ice            3%         N/A       41%         3
 Dispel Undead            Necr           3%         3d7       82%         4
 Olgreb's Toxic Radiance  Pois           3%         N/A       82%         4
 Metabolic Englaciation   Hex/Ice        3%         N/A       95%         5
 Blade Hands              Tmut           1%         N/A       99%         5
 Excruciating Wounds      Necr           1%         N/A       99%         5
 Summon Ice Beast         Ice/Summ       Unusable   N/A       N/A         4
 Summon Mana Viper        Hex/Summ       Unusable   N/A       N/A         5
 Simulacrum               Ice/Necr       Unusable   N/A       N/A         6
 Monstrous Menagerie      Summ           Unusable   N/A       N/A         7

Dungeon Overview and Level Annotations

Branches:
Dungeon (7/15)             Temple (1/1) D:5

Altars:
Ashenzari
Cheibriados
Dithmenos
Elyvilon
Fedhas
Gozag
Hepliaklqana
Kikubaaqudgha
Makhleb
Okawaru
Qazlal
Ru
Sif Muna
Trog
Uskayaw
Vehumet
Wu Jian
Xom
Yredelemnul
Zin
The Shining One

Annotations:
D:4 3 runed translucent doors, Discosetron's ghost, amateur DjFE


Innate Abilities, Weirdness & Mutations

You can breathe wild blasts of lightning.
Your glossy black scales are hard. (AC +7)
You cannot fit into any form of body armour.
You are resistant to electric shocks. (rElec)
You are cold-blooded and may be slowed by cold attacks.


Message History

Things that are here:
a +0 spear; a +0 scale mail
Things that are here:
a +0 trident; a +0 leather armour; a gnoll corpse You see here an iguana corpse.
You have got your breath back.
Activating: Breathe Lightning (4% risk of failure)
Press: ? - help, Dir - look around, f - activate You fail to use your ability.
The two-headed ogre hits you with a +0 giant club! x2
Activating: Breathe Lightning (4% risk of failure)
Press: ? - help, Dir - look around, f - activate You breathe a wild blast of lightning!
You hear a mighty clap of thunder!
The orb of electricity explodes!
The orb of electricity engulfs you. You resist.
The orb of electricity engulfs the two-headed ogre!
The two-headed ogre is severely wounded.
You hear a mighty clap of thunder!
You hear a horrible gurgling sound!
You hear a shout!
You hear an angry hiss.
You hear an angry buzzing noise.
The two-headed ogre barely misses you.
The two-headed ogre hits you with a +0 giant club!!
* * * LOW HITPOINT WARNING * * *
Okay, then.
Unknown command.
You feel better.
The centaur skeleton closely misses you.
The centaur skeleton kicks you but does no damage.
The two-headed ogre misses you.
The two-headed ogre hits you with a +0 giant club!
* * * LOW HITPOINT WARNING * * *
You feel better. The centaur skeleton barely misses you.
The centaur skeleton misses you.
Okay, then.
Unknown command.
You can now deal lightning-fast blows.
The centaur skeleton completely misses you.
The centaur skeleton kicks you but does no damage.
The two-headed ogre hits you with a +0 giant club!
You die...

....
###)..#.#...##
##..
#).####..##
#†.#.....#
###........#
#..........#
###........##
#.........##
#...ZO.....#
#....@....##
##.........#
##..........#
#.....#<.#.##
###......###
##.....#
#....## ##...#
#####


You could see a two-headed ogre and a centaur skeleton.

Vanquished Creatures
  Maggie (D:6)
  Sigmund (D:6)
  5 yaks (D:6)
  A steam dragon (D:6)
  Duvessa (D:6)
  A sky beast (D:6)
  An ice beast (D:7)
  2 ogres
  2 phantoms (D:6)
  4 bullfrogs
  A gnoll sergeant (D:7)
  2 wyvern skeletons
  A water moccasin skeleton (D:5)
  Dowan (D:6)
  A howler monkey (D:5)
  A crimson imp (D:6)
  A bullfrog zombie (D:6)
  2 centaur zombies
  A gnoll shaman (D:6)
  A centaur skeleton (D:6)
  3 hounds
  3 orc priests
  3 jellies
  3 iguanas
  3 orc wizards
  2 howler monkey zombies
  5 gnolls
  A howler monkey skeleton (D:7)
  6 adders
  8 worms
  5 dart slugs
  22 orcs
  6 endoplasms
  2 giant cockroaches
  4 goblins
  6 hobgoblins
  3 jackals (D:4)
  6 kobolds
  2 ball pythons
  8 bats
  6 frilled lizards
  5 rats
143 creatures vanquished.

Vanquished Creatures (others)
  8 fungi (D:4)
8 creatures vanquished.

Grand Total: 151 creatures vanquished

Notes
Turn   | Place    | Note
-------+----------+-------------------------------------------
     0 | D:1      | Fingolfin the Draconian Conjurer began the quest for the
                  | Orb.
     0 | D:1      | Reached XP level 1. HP: 14/14 MP: 3/3
   320 | D:1      | Reached XP level 2. HP: 20/20 MP: 3/5
   323 | D:1      | Learned a level 2 spell: Searing Ray
  1048 | D:2      | Found a faded altar of an unknown god.
  1054 | D:2      | Prayed at the altar of an unknown god.
  1054 | D:2      | Became a worshipper of Warmaster Okawaru
  1054 | D:2      | Reached * piety under Okawaru
  1258 | D:2      | Reached XP level 3. HP: 26/26 MP: 5/7
  1945 | D:3      | Reached skill level 1 in Fighting
  2204 | D:3      | Reached skill level 2 in Fighting
  2204 | D:3      | Reached XP level 4. HP: 37/37 MP: 8/8
  2277 | D:3      | Reached skill level 3 in Fighting
  2339 | D:3      | Learned a level 3 spell: Dazzling Flash
  2477 | D:3      | Reached XP level 5. HP: 46/46 MP: 6/9
  2703 | D:3      | Reached skill level 4 in Fighting
  2876 | D:3      | Reached skill level 1 in Hexes
  3845 | D:4      | Reached skill level 1 in Invocations
  4077 | D:4      | Reached XP level 6. HP: 53/53 MP: 10/10
  4260 | D:4      | Found a runed translucent gate.
  4267 | D:4      | Found a runed translucent gate.
  4268 | D:4      | Found a runed translucent gate.
  4270 | D:4      | Noticed Discosetron's ghost (amateur DjFE)
  4379 | D:4      | Reached ** piety under Okawaru
  4700 | D:5      | Entered Level 5 of the Dungeon
  4725 | D:5      | Reached skill level 5 in Fighting
  4751 | D:5      | Your scales start taking on a glossy black colour.
  4751 | D:5      | Reached XP level 7. HP: 12/61 MP: 4/11
  4751 | D:5      | Gained mutation: You are resistant to electric shocks.
                  | (rElec) [Black Draconian growth]
  5012 | D:5      | Found a hazy altar of Hepliaklqana.
  5076 | D:5      | Found a staircase to the Ecumenical Temple.
  5085 | Temple   | Entered the Ecumenical Temple
  5318 | D:5      | Reached skill level 6 in Fighting
  5550 | D:5      | Found a bloodstained altar of Trog.
  5551 | D:5      | Found a sacrificial altar of Ru.
  5609 | D:5      | Reached skill level 1 in Staves
  5944 | D:6      | Noticed a yak
  5944 | D:6      | Noticed a yak
  5944 | D:6      | Noticed a yak
  6005 | D:6      | Learned a level 2 spell: Static Discharge
  6100 | D:6      | Noticed Maggie
  6109 | D:6      | Reached skill level 1 in Air Magic
  6116 | D:6      | Reached XP level 8. HP: 54/71 MP: 2/13
  6130 | D:6      | Reached *** piety under Okawaru
  6131 | D:6      | Killed Maggie
  6174 | D:6      | Reached skill level 7 in Fighting
  6229 | D:6      | Reached skill level 5 in Conjurations
  6589 | D:6      | Noticed Dowan
  6606 | D:6      | Killed Dowan
  6675 | D:6      | Noticed Duvessa
  6688 | D:6      | Killed Duvessa
  6947 | D:6      | Noticed Sigmund
  6953 | D:6      | Killed Sigmund
  6954 | D:6      | Reached XP level 9. HP: 69/79 MP: 12/15
  7044 | D:6      | Reached **** piety under Okawaru
  7139 | D:6      | Found a radiant altar of Vehumet.
  7140 | D:6      | Found a burning altar of Makhleb.
  7442 | D:6      | Reached skill level 8 in Fighting
  7442 | D:6      | Reached skill level 5 in Dodging
  7693 | D:7      | Received a gift from Okawaru
  7830 | D:7      | Reached skill level 1 in Throwing
  8083 | D:7      | Noticed a two-headed ogre
  8103 | D:7      | HP: 4/81 [two-headed ogre (24)]
  8106 | D:7      | Slain by a two-headed ogre

Illustrated notes

Levels and vault maps discovered:
D:1:      psy_arrival_whirlpool, layout_basic
D:2:      layout_loops_ring, basic_ecumenical_altar,
          amcnicky_mini_rare_corridor_liquid, nicolae_elevator_lobby_asterisk
D:3:      layout_loops_ring, minmay_joined_circles
D:4:      layout_basic, serial_aquarium, aquarium_bridge_straight
          [aquarium_subvault_bridge, aquarium_subvault_wall,
          aquarium_subvault_bridge, aquarium_subvault_window],
          aquarium_window_1, aquarium_window_fake, aquarium_window_1,
          aquarium_window_1, aquarium_view_2e, aquarium_pool_four,
          gammafunk_ghost_necromancy
D:5:      layout_basic, mainiacjoe_overflow_24_doors, nicolae_overflow_squiral,
          minmay_temple_entry_glassed_door
D:6:      layout_basic, grunt_temple_overflow_lords_of_destruction,
          minmay_circle_x, uniq_duvessa, uniq_sigmund, uniq_maggie
D:7:      minmay_blocky_corners, layout_cave_pools
Temple:   eino_temple_scatter_basement

Skill      XL: |  1  2  3  4  5  6  7  8  9 |
---------------+----------------------------+-----
Spellcasting   | 3 4 |  4.0
Fighting       | 2 3 4 5 6 7 8 |  8.0
Hexes          | 2 |  2.0
Invocations    | 1 3 4 |  4.0
Dodging        | 2 3 6 |  6.0
Staves         | 1 3 4 |  4.0
Air Magic      | 1 3 4 |  4.0
Conjurations   | 5 6 |  6.0
Throwing       | 2 |  2.5
Stealth        | |  1.8
Evocations     | |  0.1

Action                   |  1- 3 |  4- 6 |  7- 9 || total
-------------------------+-------+-------+-------++-------
Melee: Short sword       |     8 |       |       ||     8
       Quarterstaff      |    32 |    89 |   122 ||   243
       Tailslap          |     3 |    16 |    17 ||    36
Throw: Dart              |       |       |     4 ||     4
 Cast: Magic Dart        |    29 |    15 |    52 ||    96
       Searing Ray       |     4 |    14 |    21 ||    39
       Dazzling Flash    |       |     3 |       ||     3
       Static Discharge  |       |       |    10 ||    10
Invok: Heroism           |       |       |     4 ||     4
       Finesse           |       |       |     1 ||     1
 Abil: Breathe Lightning |       |       |    15 ||    15
  Use: Potion            |     3 |       |     2 ||     5
 Stab: Sleeping          |     1 |     2 |       ||     3
       Invisible         |       |     1 |       ||     1
Armor: Skin              |    10 |    51 |    90 ||   151
Dodge: Dodged            |    30 |    76 |   152 ||   258
